 Dungeon Crawl Stone Soup version 0.28.0-43-g3370ac3207 (webtiles) character file.

Game seed: 2561364233041027936

56693 pkoi the Brawler (level 14, -4/108 HPs)
             Began as a Green Draconian Monk on Mar 1, 2022.
             Was an Initiate of Gozag.
             Slain by a chaos spawn (14 damage)
             ... on level 1 of the Abyss.
             The game lasted 00:45:35 (27805 turns).

pkoi the Brawler (Green Draconian Monk)            Turns: 27805, Time: 00:45:36

Health: -4/108     AC: 14    Str: 16      XL:     14   Next: 43%
Magic:  14/18      EV: 17    Int: 13 (16) God:    Gozag
Gold:   1421       SH:  0    Dex: 12 (13) Spells: 12/19 levels left

rFire   + + +      SeeInvis .     - Unarmed
rCold   + + .      Faith    .   (no shield)
rNeg    + . .      Spirit   .   (armour unavailable)
rPois   +          Reflect  .   (helmet restricted)
rElec   .          Harm     .   j - +2 cloak
rCorr   .          Rampage  .   F - +0 pair of gloves
Will    ++...                   J - +1 pair of boots {Stlth+}
Stlth   ++++......              r - amulet "Honue" {rF++ Regen+}
HPRegen 1.08/turn               n - ring of willpower
MPRegen 0.16/turn               A - ring "Naocziss" {Drain rC+ rN+ Str+6}

@: slowed, unable to read, very slow
A: breathe noxious fumes, AC +8, unfitting armour, stinger 1, poison resistance,
cold-blooded, cold resistance 1, fire resistance 1, robust 1, inability to read
while threatened, [deterioration 2], [frail 2], [screaming 2], [weak 2]
a: Breathe Noxious Fumes, Renounce Religion, Potion Petition, Call Merchant,
Bribe Branch


You were on level 1 of the Abyss.
You worshipped Gozag.
Gozag was most pleased with you.
You visited 3 branches of the dungeon, and saw 19 of its levels.
You visited the Abyss 1 time.
You also visited: Ice Cave and Volcano.

You collected 4795 gold pieces.
You spent 2171 gold pieces at shops.
You paid 1203 gold pieces to Gozag.

Inventory:

Hand Weapons
 k - a +1 dagger of freezing
 D - the +8 whip "Snakebite" {venom, curare, rPois}
   (You found it on level 4 of the Lair of Beasts)

   It poisons the flesh of those it strikes.
   It occasionally inflicts asphyxiating poison on those it strikes, dealing
   poison damage and causing slowness.
   rPois:     It protects you from poison.
Missiles
 b - 15 poisoned darts (quivered)
Armour
 j - a +2 cloak (worn)
 F - a +0 pair of gloves (worn)
 J - a +1 pair of boots of stealth (worn)
Jewellery
 n - a ring of willpower (left hand)
 r - the amulet "Honue" (around neck) {rF++ Regen+}
   (You bought it in a shop on level 9 of the Dungeon)

   [amulet of regeneration]

   rF:        It greatly protects you from fire.
   Regen:     It increases your rate of health regeneration.
 A - the ring "Naocziss" (right hand) {Drain rC+ rN+ Str+6}
   (You bought it in a shop on level 9 of the Dungeon)

   [ring of strength]

   Str:       It affects your strength (+6).
   rC:        It protects you from cold.
   rN:        It protects you from negative energy.
   Drain:     It drains your maximum health when unequipped.
 C - a ring of flight
Wands
 c - a wand of acid (2)
 u - a wand of paralysis (10)
 v - a wand of mindburst (7)
 y - a wand of iceblast (9)
Scrolls
 d - 9 scrolls of identify
 e - a scroll of holy word
 f - a scroll of brand weapon
 s - 3 scrolls of teleportation
 t - 3 scrolls of enchant weapon
 x - a scroll of summoning
 G - a scroll of amnesia
 H - a scroll of magic mapping
Potions
 a - 8 potions of heal wounds
 g - 2 potions of might
 h - a potion of resistance
 i - 5 potions of curing
 l - 2 potions of brilliance
 m - a potion of invisibility
 o - a potion of ambrosia
 p - a potion of magic
 z - a potion of flight
 B - 2 potions of cancellation
 I - 2 potions of haste
Miscellaneous
 q - a phantom mirror


   Skills:
 - Level 10.0 Fighting
 + Level 11.7 Dodging
 - Level 6.0 Stealth
 - Level 18.3 Unarmed Combat
 + Level 3.2 Spellcasting
 - Level 3.0 Necromancy
 + Level 1.0 Transmutations
 - Level 3.0 Air Magic
 - Level 6.3 Evocations


You had 12 spell levels left.
You knew the following spells:

 Your Spells              Type           Power      Damage    Failure   Level
a - Corpse Rot            Necr/Air       18%        N/A       10%         2
b - Blade Hands           Tmut           2%         N/A       99%         5

Your spell library contained the following spells:

 Spells                   Type           Power      Damage    Failure   Level
 Static Discharge         Conj/Air       6%         N/A       19%         2
 Magic Dart               Conj           8%         1d3       22%         1
 Call Imp                 Summ           2%         N/A       34%         2
 Mephitic Cloud           Conj/Pois/Air  4%         N/A       41%         3
 Animate Dead             Necr           4%         N/A       54%         4
 Dispel Undead            Necr           9%         3d8       54%         4
 Portal Projectile        Hex/Tloc       4%         N/A       56%         3
 Excruciating Wounds      Necr           4%         N/A       88%         5
 Summon Ice Beast         Ice/Summ       2%         N/A       92%         4
 Lightning Bolt           Conj/Air       3%         1d14      98%         5
 Fireball                 Conj/Fire      1%         3d3       99%         5
 Summon Mana Viper        Hex/Summ       2%         N/A       99%         5
 Death Channel            Necr           4%         N/A       100%        6
 Starburst                Conj/Fire      1%         6d3       100%        6
 Haunt                    Necr/Summ      3%         N/A       100%        7
 Monstrous Menagerie      Summ           1%         N/A       100%        7
 Ignition                 Fire           1%         3d3       100%        8
 Infestation              Necr           4%         N/A       100%        8
 Maxwell's Capacitive Co  Air            4%         ∞         100%        8


Dungeon Overview and Level Annotations

Branches:
Dungeon (12/15)            Temple (1/1) D:5            Lair (6/6) D:9
  Swamp (0/4) Lair:2       Spider (0/4) Lair:4        Slime (0/5) Lair:5
    Orc (0/2) D:9           IceCv (visited)         Volcano (visited)

Altars:
Ashenzari
Cheibriados
Dithmenos
Elyvilon
Fedhas
Gozag
Hepliaklqana
Kikubaaqudgha
Makhleb
Nemelex Xobeh
Okawaru
Qazlal
Ru
Sif Muna
Trog
Uskayaw
Vehumet
Wu Jian
Xom
Yredelemnul
Zin
The Shining One
Jiyva

Shops:
D:4 :   D:5 !   D:9 =   D:12 !   Lair:5 [

Annotations:
D:3 Sigmund
D:4 1 runed translucent door, Crazy Yiuf
D:12 Kirke, Sonja
Lair:3 exclusion: ice statue
Abyss:1 2 transporters


Innate Abilities, Weirdness & Mutations

You can breathe blasts of noxious fumes.
Your lurid green scales are hard. (AC +8)
You cannot fit into any form of body armour.
Your tail ends in a venomous barb.
Your system is resistant to poisons. (rPois)
You are cold-blooded and may be slowed by cold attacks.
Your flesh is cold resistant. (rC+)
Your flesh is heat resistant. (rF+)
You are robust. (+10% HP)
You sometimes lose the ability to read scrolls when taking damage.
[Your body often deteriorates upon taking damage.]
[You are very frail. (-20% HP)]
[You frequently scream uncontrollably at your foes.]
[You are very weak. (Str -4)]


Message History

* * * LOW HITPOINT WARNING * * *
Unknown command.
You pummel the chaos spawn!!
You kill the chaos spawn!
That felt strangely unrewarding.
The chaos spawn degenerates into a cloud of primal chaos!
A tentacle flies out from the starspawn's body!
The chaos spawn misses you.
A starspawn tentacle comes into view.
You punch the starspawn tentacle!
The starspawn tentacle is heavily damaged.
The chaos spawn misses you.
Unknown command.
You pummel the tentacled starspawn!!
The tentacled starspawn is heavily damaged.
The chaos spawn barely misses you.
Unknown command.
You punch the tentacled starspawn!
You tail-slap the tentacled starspawn, but do no damage.
The tentacled starspawn is heavily damaged.
A tentacle flies out from the starspawn's body!
The chaos spawn gores you.
* * * LOW HITPOINT WARNING * * *
You feel your power leaking away.
A starspawn tentacle comes into view.
You pummel the tentacled starspawn!!
The tentacled starspawn is almost destroyed.
The tentacled starspawn closely misses you.
The tentacled starspawn tentacle-slaps you!
You feel threatened and lose the ability to read scrolls!
* * * LOW HITPOINT WARNING * * *
The chaos spawn closely misses you.
You punch the tentacled starspawn!
The tentacled starspawn is almost destroyed.
The starspawn tentacle misses you.
The tentacled starspawn bites you but does no damage.
The tentacled starspawn tentacle-slaps you but does no damage.
The chaos spawn gores you!
You die...
Your body crumbles into a pile of gold.

# .# # . .
##. .. ## #
# . . .# # #
.# . .# #.#
## .#... #..
.#....# #
#####..##. .
#.w#.##. #
#.@X### . #
#.##4──# ..
#
#.#─.##w│.#.
# ##.#.
4│....# #. .
.....## #
#.. .......
..# #...#.
... .#.# ...
.#


You could see a tentacled starspawn, a torpor snail, a chaos spawn and a
starspawn tentacle.

Vanquished Creatures
  2 dire elephants (Lair:6)
  A fire dragon (Volcano)
  4 hydras
  An ice dragon (Lair:3)
  2 boulder beetles
  A centaur warrior (D:8)
  3 two-headed ogres
  8 death yaks
  A hell hog (Volcano)
  A thrashing horror (Abyss:1)
  2 lindwurms (Lair:6)
  A cyclops (D:12)
  An ugly thing (IceCv)
  3 manticores
  A guardian serpent (Abyss:1)
  6 elephants
  10 black mambas
  Maurice (D:8)
  6 centaur zombies
  A torpor snail (Lair:5)
  10 cane toads
  A molten gargoyle (Lair:3)
  An orange demon (Abyss:1)
  A kobold demonologist (D:9)
  7 komodo dragons
  4 rime drakes
  3 trolls
  3 polar bears (Lair:3)
  3 hornets
  A raiju (Abyss:1)
  3 slime creatures (D:11)
  4 blink frogs (Lair:5)
  2 dream sheep (Lair:6)
  3 large abominations (Abyss:1)
  A vampire (D:11)
  A hog (D:12)
  2 wraiths
  37 yaks
  4 wyverns
  A chaos spawn (Abyss:1)
  3 basilisks
  5 fire bats
  4 redbacks (Lair:4)
  A vampire mosquito (D:12)
  A death yak simulacrum (IceCv)
  5 steam dragons
  A harpy simulacrum (IceCv)
  4 wargs (D:9)
  4 acid dragons
  26 water moccasins
  3 hell hounds
  2 orc warriors
  5 ice beasts
  A sky beast (D:6)
  2 necrophages
  5 ogres
  21 wolves
  2 phantoms
  3 centaurs
  2 kobold brigands
  14 bullfrogs
  A wyvern zombie (D:9)
  3 scorpions
  2 water moccasin zombies (D:6)
  A wyvern skeleton (D:7)
  2 elephant simulacra (IceCv)
  15 killer bees
  An electric eel (Lair:1)
  8 orc priests
  A centaur skeleton (D:5)
  A bullfrog skeleton (D:7)
  2 gnoll shamans
  Natasha (thrice) (D:2)
  6 hell rats
  6 iguanas
  7 orc wizards
  A polar bear simulacrum (IceCv)
  A scorpion zombie (D:5)
  A hound skeleton (D:5)
  2 howler monkey zombies
  7 gnolls
  7 adders
  A howler monkey skeleton (D:7)
  2 river rats (Lair:2)
  15 white imps
  An ufetubus (D:4)
  2 worms
  4 dart slugs
  36 orcs
  7 endoplasms
  8 giant cockroaches
  9 goblins
  5 hobgoblins
  3 jackals (D:2)
  4 quokkas
  8 ball pythons
  4 bats
  2 frilled lizards (D:1)
  7 kobolds
  16 rats
  A butterfly (Lair:5)
  A fire vortex (Lair:3)
476 creatures vanquished.

Vanquished Creatures (others)
  An orc priest (D:9)
  19 fungi
  24 plants
  2 starspawn tentacles (Abyss:1)
46 creatures vanquished.

Grand Total: 522 creatures vanquished

Notes
Turn   | Place    | Note
-------+----------+-------------------------------------------
     0 | D:1      | pkoi the Draconian Monk began the quest for the Orb.
     0 | D:1      | Reached XP level 1. HP: 19/19 MP: 1/1
   236 | D:1      | Reached XP level 2. HP: 26/26 MP: 2/2
   454 | D:1      | Reached skill level 4 in Unarmed Combat
   970 | D:1      | Reached XP level 3. HP: 18/31 MP: 3/3
  1647 | D:2      | Noticed Natasha
  1656 | D:2      | Killed Natasha
  1657 | D:2      | Reached skill level 5 in Unarmed Combat
  1657 | D:2      | Reached XP level 4. HP: 14/38 MP: 4/4
  1938 | D:2      | Noticed Natasha
  2096 | D:2      | Killed Natasha
  2159 | D:2      | Noticed Natasha
  2163 | D:2      | Killed Natasha
  2164 | D:2      | Reached XP level 5. HP: 45/45 MP: 5/5
  2534 | D:3      | Noticed Sigmund
  2660 | D:3      | Reached skill level 6 in Unarmed Combat
  3329 | D:4      | Found Ceov's Book Emporium.
  3390 | D:4      | Found a runed translucent door.
  3391 | D:4      | Noticed Crazy Yiuf
  3417 | D:4      | Noticed a phantom
  3434 | D:4      | Killed a phantom
  3435 | D:4      | Reached skill level 7 in Unarmed Combat
  3435 | D:4      | Reached XP level 6. HP: 32/51 MP: 6/6
  3758 | D:4      | Identified the +1 robe of the Lumpy Spreadsheets {Str+5}
  4577 | D:5      | Entered Level 5 of the Dungeon
  5064 | D:4      | Your scales start taking on a lurid green colour.
  5064 | D:4      | Reached XP level 7. HP: 41/56 MP: 7/7
  5064 | D:4      | Gained mutation: Your system is resistant to poisons.
                  | (rPois) [Green Draconian growth]
  5157 | D:5      | Found Jiosk's Distillery.
  5745 | D:5      | Reached skill level 8 in Unarmed Combat
  6035 | D:5      | Found a staircase to the Ecumenical Temple.
  6066 | Temple   | Entered the Ecumenical Temple
  6280 | Temple   | Became a worshipper of Gozag Ym Sagoz the Greedy
  6455 | D:5      | Reached XP level 8. HP: 42/67 MP: 8/8
  6582 | D:5      | Reached skill level 5 in Fighting
  6858 | D:6      | Reached skill level 9 in Unarmed Combat
  7001 | D:6      | Gained mutation: You have hidden genetic defects. [potion
                  | of mutation]
  7002 | D:6      | Lost mutation: You have hidden genetic defects. [potion of
                  | mutation]
  7002 | D:6      | Gained mutation: Your flesh is cold resistant. (rC+)
                  | [potion of mutation]
  7002 | D:6      | Gained mutation: You have hidden genetic potential. [potion
                  | of mutation]
  7002 | D:6      | Gained mutation: You sometimes lose the ability to read
                  | scrolls when taking damage. [potion of mutation]
  7287 | D:6      | Reached skill level 5 in Dodging
  7699 | D:6      | Identified the +1 leather armour of Day {rC++ rN+++ Int-4
                  | Dex-2}
  7771 | D:6      | Reached skill level 10 in Unarmed Combat
  8006 | D:6      | Reached XP level 9. HP: 75/75 MP: 9/9
  8570 | D:7      | Gained mutation: You are robust. (+10% HP) [hidden
                  | potential]
  9189 | D:8      | Noticed a centaur warrior
  9402 | D:8      | Found a bloodstained altar of Trog.
  9477 | D:8      | You fall into a shaft and drop 3 floors!
  9497 | D:11     | Noticed a manticore
  9505 | D:11     | Killed a manticore
  9506 | D:11     | Reached skill level 11 in Unarmed Combat
  9763 | D:11     | Reached skill level 5 in Stealth
  9763 | D:11     | Reached skill level 12 in Unarmed Combat
  9763 | D:11     | Reached XP level 10. HP: 28/100 MP: 10/10
 10146 | D:11     | Reached skill level 13 in Unarmed Combat
 10146 | D:11     | Reached XP level 11. HP: 106/106 MP: 11/11
 10150 | D:10     | Entered Level 10 of the Dungeon
 10203 | D:10     | Gained mutation: Your flesh is heat resistant. (rF+)
                  | [hidden potential]
 10203 | D:10     | Lost mutation: You have hidden genetic potential. [hidden
                  | potential expressed]
 10430 | D:10     | Noticed a two-headed ogre
 10439 | D:10     | Killed a two-headed ogre
 10865 | D:10     | Noticed a two-headed ogre
 11096 | D:8      | Killed a centaur warrior
 11412 | D:8      | Noticed Maurice
 11751 | D:7      | Learned a level 2 spell: Corpse Rot
 11977 | D:8      | Killed Maurice
 12433 | D:9      | Reached skill level 1 in Air Magic
 12540 | D:9      | Reached skill level 10 in Fighting
 12540 | D:9      | Reached skill level 1 in Necromancy
 12547 | D:9      | Reached skill level 1 in Spellcasting
 12723 | D:9      | Found a staircase to the Orcish Mines.
 12731 | D:9      | Reached skill level 14 in Unarmed Combat
 13219 | D:9      | Found a staircase to the Lair.
 13784 | D:9      | Bought the ring "Naocziss" {Drain rC+ rN+ Str+6} for 995
                  | gold pieces
 13796 | D:10     | Killed a two-headed ogre
 15045 | D:11     | Reached XP level 12. HP: 88/116 MP: 15/15
 15434 | Lair:1   | Entered Level 1 of the Lair of Beasts
 16157 | Lair:1   | Noticed a death yak
 16157 | Lair:1   | Noticed a death yak
 16157 | Lair:1   | Noticed a death yak
 16157 | Lair:1   | Noticed a death yak
 16157 | Lair:1   | Noticed a death yak
 16561 | D:9      | Killed a death yak
 16644 | Lair:1   | Reached skill level 15 in Unarmed Combat
 17299 | Lair:1   | Killed a death yak
 17304 | Lair:1   | Killed a death yak
 17568 | Lair:1   | Killed a death yak
 17613 | Lair:1   | Killed a death yak
 18436 | Lair:2   | Found a staircase to the Swamp.
 18804 | Lair:2   | Identified the +3 short sword of the Orcish Mines {venom,
                  | Int+4}
 18915 | D:9      | Bought the amulet "Honue" {rF++ Regen+} for 763 gold pieces
 19013 | Lair:3   | Reached skill level 1 in Evocations
 19155 | Lair:3   | Reached skill level 16 in Unarmed Combat
 19174 | Lair:3   | Noticed a five-headed hydra
 19182 | Lair:3   | Reached skill level 10 in Dodging
 19188 | Lair:3   | Killed a five-headed hydra
 19189 | Lair:3   | Reached XP level 13. HP: 48/124 MP: 17/17
 19600 | Lair:4   | Found a dark tunnel.
 19675 | Volcano  | Entered a volcano
 19796 | Volcano  | Noticed a fire dragon
 19809 | Volcano  | Killed a fire dragon
 19998 | Lair:4   | Found a frozen archway.
 20009 | IceCv    | Entered an ice cave
 20867 | Lair:4   | Found a hole to the Spider Nest.
 21717 | Lair:4   | Found the +8 whip "Snakebite" {venom, curare, rPois}
 22037 | Lair:5   | Reached skill level 17 in Unarmed Combat
 22806 | Lair:3   | Reached skill level 5 in Evocations
 23388 | Lair:3   | Identified the +7 trident "Etiteuvo" {vorpal, rF- MP+9
                  | Str+6 Dex+4}
 23941 | Lair:5   | Found a staircase to the Slime Pits.
 23942 | Lair:5   | Found a viscous altar of Jiyva.
 24695 | Lair:5   | Bought a +1 pair of boots of stealth for 231 gold pieces
 24715 | Lair:6   | Entered Level 6 of the Lair of Beasts
 24796 | Lair:6   | Gained mutation: Your tail ends in a venomous barb. [Green
                  | Draconian growth]
 24796 | Lair:6   | Reached XP level 14. HP: 132/133 MP: 18/18
 25091 | Lair:6   | Identified the +2 rapier of Ruuhouc {drain, Will+}
 26157 | Lair:5   | Reached skill level 18 in Unarmed Combat
 26602 | Lair:6   | Identified the -6 pair of gloves of Hedonism {Dex+3 SInv}
 26847 | D:12     | Found Fygit's Distillery.
 26865 | D:12     | Bought a potion of degeneration for 13 gold pieces
 26865 | D:12     | Bought a potion of attraction for 39 gold pieces
 26873 | D:12     | Bought a potion of heal wounds for 65 gold pieces
 26873 | D:12     | Bought a potion of heal wounds for 65 gold pieces
 26950 | D:12     | Found a blossoming altar of Fedhas.
 26983 | D:12     | Learned a level 5 spell: Blade Hands
 27376 | D:12     | Noticed Kirke
 27379 | D:12     | Reached skill level 1 in Transmutations
 27430 | D:12     | Noticed Sonja
 27433 | D:12     | Cast into level 1 of the Abyss (Sonja)
 27433 | Abyss:1  | Noticed a tentacled starspawn
 27433 | Abyss:1  | Noticed a starcursed mass
 27433 | Abyss:1  | Noticed a tentacled starspawn
 27433 | Abyss:1  | Found a transporter.
 27433 | Abyss:1  | Found a transporter.
 27433 | Abyss:1  | Found a corrupted altar of Lugonu.
 27436 | Abyss:1  | Noticed a tentacled starspawn
 27436 | Abyss:1  | Noticed a tentacled monstrosity
 27519 | Abyss:1  | Noticed a bone dragon
 27543 | Abyss:1  | Noticed a green very ugly thing
 27548 | Abyss:1  | Noticed a daeva
 27561 | Abyss:1  | Noticed an ironbound thunderhulk
 27562 | Abyss:1  | Noticed a white very ugly thing
 27562 | Abyss:1  | Noticed a purple very ugly thing
 27562 | Abyss:1  | Noticed an ironbound thunderhulk
 27697 | Abyss:1  | Noticed a daeva
 27789 | Abyss:1  | Noticed a tentacled starspawn
 27805 | Abyss:1  | Slain by a chaos spawn

Illustrated notes

Levels and vault maps discovered:
D:1:      lemuel_arrival_muddy, layout_basic, minmay_tetromino_l4
D:2:      layout_rooms, minmay_misc_feat_cross, minmay_worlds_worst_comb,
          uniq_natasha
D:3:      layout_basic, uniq_sigmund
D:4:      layout_basic, serial_shops, nicolae_shop_behind_doors,
          bh_walls_and_bars, uniq_crazy_yiuf_cottage
D:5:      layout_cave_pools, temple_fountains, serial_shops,
          nicolae_stop_n_shop_1
D:6:      layout_cave_pods
D:7:      layout_basic, kennysheep_generic_room_11
D:8:      layout_basic, kennysheep_little_box, uniq_maurice
D:9:      layout_roguey, erik_lair_orcish_takeover, erik_orc_4
D:10:     layout_rooms
D:11:     layout_grid_maze, amethyst_killhole, st_stairs_3
D:12:     cheibrodos_fzero, layout_stronghold, serial_shops,
          nicolae_shop_advertising_works [nicolae_subvault_shop_adworks],
          fedhas_altar_2, uniq_kirke, uniq_sonja
Temple:   minmay_crystal_snake_temple
Lair:1:   layout_roguey, nicolae_lair_lil_pond, lemuel_fruit_tree,
          serial_bayou_shore_b, infiniplex_staircase_pool
Lair:2:   layout_concentric_octagons, minmay_swamp_entry_worms,
          kennysheep_abandoned_house, lemuel_fruit_fields,
          infiniplex_staircase_pool_2
Lair:3:   layout_chaotic_city, ice2_lemuel
Lair:4:   minmay_guarded_unrand_snakebite, layout_cellular_growth,
          spider_nest_entry_webs, portal_ice_cave_entry_imps, enter_volcano_3,
          beast_lair_carwin_8, grunt_megastairs_3
Lair:5:   layout_gridlike, slime_altar_1, lemuel_fruit_fields
Lair:6:   hangedman_lair_in_review, layout_gridlike
Abyss:1:  base: D:5, gammafunk_corrupted_shrine, grunt_abyss_exit_deep_breaths

Skill      XL: |  1  2  3  4  5  6  7  8  9 10 11 12 13 14 |
---------------+-------------------------------------------+-----
Unarmed Combat | 4 5 7 8 10 12 13 14 16 17 18 | 18.3
Dodging        | 3 4 5 7 8 10 11 | 11.7
Fighting       | 4 6 9 10 | 10.0
Stealth        | 5 6 |  6.0
Air Magic      | 2 3 |  3.0
Necromancy     | 2 3 |  3.0
Spellcasting   | 2 3 |  3.2
Evocations     | 1 5 6 |  6.3
Transmutations | 1 |  1.0

Action                   |  1- 3 |  4- 6 |  7- 9 | 10-12 | 13-15 || total
-------------------------+-------+-------+-------+-------+-------++-------
Melee: Unarmed           |   118 |   185 |   332 |   664 |   728 ||  2027
       Tailslap          |    22 |    21 |    57 |   121 |   158 ||   379
       Punch             |     5 |     3 |    22 |    65 |   100 ||   195
       Whip              |       |       |       |       |    54 ||    54
Invok: Call Merchant     |       |       |       |     1 |     1 ||     2
 Abil: Breathe Noxious F |       |       |     6 |    17 |     6 ||    29
Evoke: Wand              |       |       |       |     3 |    32 ||    35
  Use: Scroll            |       |     4 |     6 |    11 |     7 ||    28
       Potion            |       |     2 |     3 |     2 |     4 ||    11
 Stab: Sleeping          |     8 |     4 |     1 |     6 |     5 ||    24
       Confused          |       |       |     2 |    15 |     1 ||    18
       Distracted        |       |       |       |     3 |     8 ||    11
Armor: Skin              |    22 |    76 |   123 |   159 |   213 ||   593
Dodge: Dodged            |    64 |   124 |   187 |   464 |   577 ||  1416
